 Dungeon Crawl Stone Soup version 0.24-a0-779-g36f0aeb843 (webtiles) character file.

Game seed: 15756490602100352718, levelgen mode: deterministic

151 Kerapac the Covered (level 5, -4/50 HPs)
             Began as a Deep Dwarf Fighter on Oct 8, 2019.
             Slain by Menkaure (17 damage)
             ... on level 5 of the Dungeon.
             The game lasted 00:08:36 (1944 turns).

Kerapac the Covered (Deep Dwarf Fighter)            Turns: 1944, Time: 00:08:37

Health: -4/50      AC:  8    Str: 20    XL:     5   Next: 10%
Magic:  4/4        EV:  7    Int:  9    God:
Gold:   123        SH:  9    Dex: 12    Spells: 4/4 levels left

rFire    . . .     SeeInvis .   a - +1 war axe
rCold    . . .     Gourm    .   c - +0 shield
rNeg     . . .     Faith    .   b - +1 scale mail
rPois    .         Spirit   .   (no helmet)
rElec    .         Reflect  .   (no cloak)
rCorr    .         Harm     .   (no gloves)
MR       .....                  (no boots)
Stlth    ..........             (no amulet)
HPRegen  0.00/turn              (no ring)
MPRegen  0.09/turn              (no ring)

@: non-regenerating
A: damage resistance, heal wounds, sense surroundings 1, no regeneration
a: Heal Wounds


You were on level 5 of the Dungeon.
You were not hungry.

You visited 1 branch of the dungeon, and saw 5 of its levels.

You collected 123 gold pieces.

Inventory:

Hand Weapons
 a - a +1 war axe (weapon)
Armour
 b - a +1 scale mail (worn)
 c - a +0 shield (worn)
 l - a +0 chain mail
Jewellery
 i - an uncursed ring of positive energy {unknown}
 p - a cursed ring of teleportation {unknown}
 q - an uncursed amulet of harm {unknown}
Scrolls
 d - a scroll of remove curse
 e - a scroll of identify
 j - a scroll of enchant weapon
 n - a scroll of immolation
Potions
 g - 2 potions of agility {unknown}
 h - 2 potions of mutation
 k - a potion of heal wounds
 m - a potion of curing
 o - a potion of flight {unknown}
Comestibles
 f - 6 rations


   Skills:
 + Level 3.7 Fighting
 + Level 3.8 Axes
 + Level 4.5 Armour
 - Level 3.2 Shields


You had 4 spell levels left.
You didn't know any spells.
Your spell library contained the following spells:

 Spells                   Type           Power        Failure   Level  Hunger
 Infusion                 Chrm           #...         99%         1    ##.....
 Shroud of Golubria       Chrm/Tloc      #.....       100%        2    ###....
 Song of Slaying          Chrm           #.......     100%        2    ###....
 Spectral Weapon          Hex/Chrm       #.......     100%        3    ####...
 Regeneration             Chrm/Necr      Unusable     N/A         3    N/A

Dungeon Overview and Level Annotations

Branches:
Dungeon (5/15)
 Temple: D:4-7

Altars:
Vehumet

Annotations:
D:5 Menkaure


Innate Abilities, Weirdness & Mutations

You are resistant to damage.
You can heal yourself by infusing magical energy.
You passively map a small area around you.
You do not regenerate.


Message History

You now have 93 gold pieces (gained 18).
Found 8 gold pieces.
m - a potion of curing You now have 101 gold pieces (gained 8).
f - 5 rations (gained 1)
f - 6 rations (gained 1)
You now have 117 gold pieces (gained 16).
You now have 123 gold pieces (gained 6).
o - a coppery potion
Found 22 arrows.
You see here 22 arrows.
Menkaure, Prince of Dust comes into view.
Menkaure calls on the powers of darkness!
Your body is wracked with pain!
Menkaure hits you.
* * * LOW HITPOINT WARNING * * *
You hit Menkaure.
Menkaure is lightly damaged.
Menkaure hits you!!
You die...

, #. , #.# #.#
* ,#..#####.#
, #.#,
#..#.....#
,#,#.#,
*,.#.....####
, ,#.#.#
#..#..#....# ,
.#..<
#..#..#....#
..#.
#..#..#.#### *
#M#.##..#..#.#
#@#.....#..#.#
#.###...#....#
#.......#.####
#####(....#
#.###.# ** *
*#.# ### , , ,
..# * ** *
####


You could see Menkaure.

Vanquished Creatures
  A worker ant (D:4)
  4 gnolls (D:4)
  2 adders
  A dart slug (D:1)
  6 orcs (D:4)
  6 bats
  3 giant cockroaches
  5 goblins
  8 hobgoblins
  3 jackals (D:2)
  5 quokkas
  4 ball pythons
  6 frilled lizards
  4 kobolds
  A quokka zombie (D:5)
59 creatures vanquished.

Notes
Turn   | Place    | Note
-------+----------+-------------------------------------------
     0 | D:1      | Kerapac the Deep Dwarf Fighter began the quest for the Orb.
     0 | D:1      | Reached XP level 1. HP: 20/20 MP: 1/1
   389 | D:1      | Reached XP level 2. HP: 27/27 MP: 2/2
   410 | D:1      | You fall into a shaft and drop 1 floor!
   650 | D:2      | Reached XP level 3. HP: 30/34 MP: 3/3
   887 | D:1      | Reached skill level 4 in Armour
  1451 | D:4      | Reached XP level 4. HP: 33/42 MP: 4/4
  1465 | D:4      | HP: 1/42 [gnoll/+0 flail (5)]
  1478 | D:4      | HP: 1/42 [gnoll/+0 flail (9)]
  1574 | D:4      | Reached XP level 5. HP: 30/50 MP: 4/4
  1585 | D:4      | Found a radiant altar of Vehumet.
  1702 | D:5      | Entered Level 5 of the Dungeon
  1941 | D:5      | Noticed Menkaure
  1944 | D:5      | Slain by Menkaure

Levels and vault maps discovered:
D:1:      eino_arrival_druids_welcome, layout_loops_ring
D:2:      layout_loops_ring, grunt_ministairs_14, minmay_misc_feat_room
D:3:      layout_loops_corners, old_standard_altar,
          chequers_ecumenical_altar_simple, kennysheep_generic_room_3
D:4:      layout_loops_ring, lemuel_round_altar, makhleb_grotto_becter
D:5:      layout_basic, first_ration, uniq_blork_the_orc, uniq_menkaure,
          uniq_grinder

Skill      XL: |  1  2  3 |
---------------+----------+-----
Fighting       | 3 |  3.7
Axes           | 3 |  3.8
Armour         | 4 |  4.5
Shields        | |  3.2

Action                   |  1- 3 |  4- 6 || total
-------------------------+-------+-------++-------
Melee: War axe           |   148 |    55 ||   203
Throw: Dart              |     2 |     5 ||     7
 Abil: Heal Wounds       |       |     1 ||     1
  Use: Scroll            |     7 |     1 ||     8
       Potion            |     2 |     2 ||     4
  Eat: Ration            |     1 |       ||     1
Armor: Scale mail        |    81 |    14 ||    95
Dodge: Dodged            |    57 |    19 ||    76
Block: Shield            |    85 |    34 ||   119

Table legend:
 A = Non-vault XP
 B = Vault XP
 C = Vault XP percentage of total XP
 D = Non-vault monster count
 E = Vault monster count
 F = Vault count percentage of total count
                 A         B        C        D         E       F
            +---------+---------+-------+---------+---------+-------
      Total |     212 |       4 |   1.9 |      57 |       2 |   3.4
            +---------+---------+-------+---------+---------+-------
        D:1 |      31 |       0 |   0.0 |      16 |       0 |   0.0
        D:2 |      50 |       4 |   7.4 |      24 |       2 |   7.7
        D:4 |     128 |       0 |   0.0 |      15 |       0 |   0.0
        D:5 |       3 |       0 |   0.0 |       2 |       0 |   0.0
            +---------+---------+-------+---------+---------+-------
